 Dungeon Crawl Stone Soup version 0.29.1-12-g30fa7ad0bf (webtiles) character file.

Game seed: 292133599418712641

373 hawla the Chiller (level 7, 0/76 HPs)
             Began as a Meteoran Ice Elementalist on Dec 26, 2022.
             Slain by Grinder (4 damage)
             ... in a sewer.
             The game lasted 00:11:54 (1035 turns).

hawla the Chiller (Meteoran Ice Elementalist)       Turns: 1035, Time: 00:11:54

Health: 0/76       AC: 23    Str:  9      XL:     7   Next: 23%
Magic:  13/15      EV:  2    Int: 18      God:
Gold:   119        SH:  0    Dex: 13 (16) Spells: 8/16 levels left

rFire   . . .      SeeInvis .   i - staff of air
rCold   . . .      Faith    .   (no shield)
rNeg    . . .      Spirit   .   (body armour currently unavailable)
rPois   +          Reflect  .   (helmet currently unavailable)
rElec   +          Harm     .   (cloak currently unavailable)
rCorr   .          Rampage  .   (gloves currently unavailable)
Will    +....      NoTele   +   (boots currently unavailable)
Stlth   +.........              (no amulet)
HPRegen 0.22/turn               (no ring)
MPRegen 0.14/turn               (no ring)

@: tree-form, freezing walls, glowing
A: stationary, stasis, torment immunity, boosted hp, sense surroundings 1,
otherworldly, glowing, explore regen, strong-willed 1
a: no special abilities


You were in a sewer.
You were a tree.
You visited 1 branch of the dungeon, and saw 5 of its levels.
You also visited: Sewer.

You collected 119 gold pieces.

Inventory:

Armour
 a - a +0 robe (melded)
 h - a +0 cloak of willpower
Magical Staves
 i - a staff of air (weapon)
Scrolls
 c - a scroll of poison
 d - 2 scrolls of identify
 e - a scroll of amnesia {unknown}
Potions
 b - a potion of magic
 f - a potion of cancellation {unknown}
 k - 2 potions of curing {unknown}
 l - a potion of attraction


   Skills:
 - Level 0.6 Fighting
 - Level 2.9 Dodging
 - Level 1.4 Stealth
 - Level 5.1 Spellcasting
 + Level 1.9 Conjurations
 - Level 6.3 Ice Magic
 - Level 2.0 Air Magic
 - Level 2.0 Evocations


You had 8 spell levels left.
You knew the following spells:

 Your Spells              Type           Power      Damage    Failure   Level
a - Freeze                Ice            100%       1d11      1%          1
b - Frozen Ramparts       Ice            54%        1d9       3%          3
c - Hailstorm             Conj/Ice       19%        3d6       24%         4

Your spell library contained the following spells:

 Spells                   Type           Power      Damage    Failure   Level
 Ozocubu's Armour         Ice            27%        N/A       3%          3
 Ice Form                 Ice/Tmut       16%        N/A       34%         4
 Summon Ice Beast         Ice/Summ       16%        N/A       34%         4


Dungeon Overview and Level Annotations

Branches:
Dungeon (5/15) Zot: 2097    Sewer (1/1) Zot: 459
 Temple: D:4-7

Altars:

Shops:
D:2 :

Annotations:
D:5 3 runed translucent doors, FizzleBangTC's ghost, amateur MeEE Sewer Grinder


Innate Abilities, Weirdness & Mutations

You are a tree.
Your roots penetrate the ground, keeping you stationary.
You cannot be teleported.
You are immune to unholy pain and torment.
Your maximum health is greatly increased.
Your equipment is partially melded.
You passively map a small area around you.
You are easily found by Zot.
You glow in the dark.
You regain HP and MP as you explore.
You are strong-willed. (Will+)


Message History

The ufetubus completely misses you.
The ufetubus resists.
The wall freezes the ufetubus.
The ufetubus hits you but does no damage. x2
Grinder says, "What is the universe for?"
Unknown command.
Casting: Freeze (safe; 1% risk of failure)
Confirm with . or Enter, or press ? or * to list all spells.
You don't have enough magic to cast this spell.
Magic courses through your body.
The ufetubus resists.
The wall freezes the ufetubus.
The ufetubus hits you but does no damage. x2
Casting: Freeze (safe; 1% risk of failure)
Confirm with . or Enter, or press ? or * to list all spells.
You can't see any susceptible monsters within range! (Use Z to cast anyway.) Unknown command.
Casting: Freeze (safe; 1% risk of failure)
Confirm with . or Enter, or press ? or * to list all spells.
Aiming: Freeze (safe; 1% risk of failure)
Press: ? - help, Shift-Dir - straight line, f/p - Grinder
Aim: Grinder You freeze Grinder.
Grinder resists.
Grinder is lightly wounded.
The ufetubus resists.
The wall freezes the ufetubus.
You kill the ufetubus!
Grinder hits you but does no damage.
Casting: Freeze (safe; 1% risk of failure)
Confirm with . or Enter, or press ? or * to list all spells.
Aiming: Freeze (safe; 1% risk of failure)
Press: ? - help, Shift-Dir - straight line, f/p - Grinder
Aim: Grinder (lightly wounded)
You freeze Grinder.
Grinder resists.
Grinder is lightly wounded.
Grinder gestures at you. You resist with almost no effort.
You hit Grinder.
Grinder is lightly wounded.
Grinder hits you.
* * * LOW HITPOINT WARNING * * *
You writhe in agony.
You die...

#≈.~#≈.~~..#≈≈≈#..≈≈~≈#
#~~~#......#~≈≈#......#
#≈.≈#'#######~#######+#
#≈≈~#).....#...#.)....*
#≈≈~~~.~~~~.....~~~~~~
#~~≈#≈~≈≈≈≈#...#≈≈≈≈≈≈
#############'########*
###)))### ##### * ~
~#...§).♣#≈≈≈~~~ ,,
,+.....5.†)..... ∩
,+.§._.§.'...... , ,
+.......'...... * ~
#..§.§..#≈≈≈≈≈≈
*##.....########
##+++## * ~ *


You could see Grinder.

Vanquished Creatures
  A scorpion (D:5)
  A quasit (Sewer)
  A hound (D:5)
  2 iguanas (D:5)
  An orc wizard (D:4)
  4 gnolls (D:3)
  A river rat (D:5)
  3 adders
  3 shadow imps (Sewer)
  An ufetubus (Sewer)
  3 worms
  A dart slug (D:2)
  9 orcs
  3 endoplasms
  3 giant cockroaches
  A goblin (D:3)
  3 hobgoblins
  18 kobolds
  A quokka (D:4)
  4 ball pythons
  3 bats
  2 frilled lizards
  5 rats
74 creatures vanquished.

Vanquished Creatures (others)
  2 fungi (D:5)
  3 plants
5 creatures vanquished.

Grand Total: 79 creatures vanquished

Notes
Turn   | Place    | Note
-------+----------+-------------------------------------------
     0 | D:1      | hawla the Meteoran Ice Elementalist began the quest for the
                  | Orb.
     0 | D:1      | Reached XP level 1. HP: 14/14 MP: 5/5
    19 | D:1      | Found a faded altar of an unknown god.
   145 | D:2      | Reached XP level 2. HP: 20/20 MP: 4/6
   213 | D:2      | Found Geqiacs's Book Emporium.
   262 | D:3      | Reached skill level 5 in Ice Magic
   262 | D:3      | Reached XP level 3. HP: 26/26 MP: 4/8
   271 | D:3      | Learned a level 3 spell: Frozen Ramparts
   387 | D:3      | Reached XP level 4. HP: 24/33 MP: 2/10
   489 | D:3      | Reached skill level 1 in Air Magic
   489 | D:3      | Reached skill level 1 in Evocations
   490 | D:3      | Reached XP level 5. HP: 27/38 MP: 2/11
   533 | D:4      | Learned a level 4 spell: Hailstorm
   562 | D:5      | Entered Level 5 of the Dungeon
   570 | D:5      | Reached XP level 6. HP: 42/45 MP: 2/13
   600 | D:5      | Found a runed translucent gate.
   600 | D:5      | Found a runed translucent gate.
   600 | D:5      | Found a runed translucent gate.
   606 | D:5      | Noticed FizzleBangTC's ghost (amateur MeEE)
   686 | D:5      | Reached skill level 6 in Ice Magic
   888 | D:5      | Found a glowing drain.
   901 | Sewer    | Entered a sewer
   920 | Sewer    | Reached skill level 5 in Spellcasting
   981 | Sewer    | Reached XP level 7. HP: 26/51 MP: 7/15
  1011 | Sewer    | Found a burning altar of Makhleb.
  1018 | Sewer    | Reached skill level 1 in Conjurations
  1023 | Sewer    | Noticed Grinder
  1030 | Sewer    | Gained mutation: You are strong-willed. (Will+) [potion of
                  | mutation]
  1035 | Sewer    | Slain by Grinder

Illustrated notes

Levels and vault maps discovered:
D:1:      tarquinn_simple_flora_water_d, layout_loops_ring,
          shapermc_ecumenical_altar_totnotflames, dreamdust_princess_corridor
D:2:      layout_basic, serial_shops, nicolae_shop_trees
D:3:      layout_basic, corexii_item_surrounded_by_moat
D:4:      layout_cave_pools, mainiacjoe_overflow_cross_hatched, serial_forest,
          infiniplex_forest_straight_2, infiniplex_forest_straight_4,
          infiniplex_forest_clump_tiny, infiniplex_forest_end_2,
          infiniplex_forest_straight_2, infiniplex_forest_clump_small,
          infiniplex_forest_straight_5, infiniplex_forest_straight_2,
          gammafunk_ghost_grave, minmay_misc_feat_doors
D:5:      layout_rooms, gammafunk_ghost_nasty_kobolds, portal_sewer_entry_b,
          kennysheep_minor_cross
Sewer:    kennysheep_sewer_church

Skill      XL: |  1  2  3  4  5  6  7 |
---------------+----------------------+-----
Spellcasting   | 3 4 5 |  5.1
Ice Magic      | 5 6 |  6.3
Air Magic      | 1 2 |  2.0
Evocations     | 1 2 |  2.0
Conjurations   | 1 |  1.9
Fighting       | |  0.6
Dodging        | |  2.9
Stealth        | |  1.4

Action                   |  1- 3 |  4- 6 |  7- 9 || total
-------------------------+-------+-------+-------++-------
Melee: Unarmed           |     5 |       |       ||     5
       Staff             |       |     8 |    17 ||    25
       Punch             |       |     1 |     1 ||     2
 Cast: Freeze            |    27 |    36 |     5 ||    68
       Frozen Ramparts   |     4 |    14 |     3 ||    21
       Hailstorm         |       |     2 |     1 ||     3
  Use: Scroll            |       |     7 |       ||     7
       Potion            |       |       |     3 ||     3
Armor: Robe              |     7 |     8 |     9 ||    24
       Skin              |       |       |     6 ||     6
Dodge: Dodged            |    11 |    33 |    16 ||    60
